 Dungeon Crawl Stone Soup version 0.30-a0-553-g7fabdf1491 (webtiles) character file.

Game seed: 14332507103457666143

233 Adrian566 the Chopper (level 5, -9/45 HPs)
             Began as a Demigod Fighter on Dec 26, 2022.
             Mangled by a gnoll
             ... wielding a +0 flail
              (10 damage)
             ... on level 3 of the Dungeon.
             The game lasted 00:02:48 (2737 turns).

Adrian566 the Chopper (Demigod Fighter)             Turns: 2737, Time: 00:02:48

Health: -9/45      AC:  9    Str: 21    XL:     5   Next: 46%
Magic:  7/7        EV:  9    Int: 10    God:
Gold:   103        SH:  4    Dex: 13    Spells: 4/4 levels left

rFire   . . .      SeeInvis .    a - +0 war axe
rCold   . . .      Faith    .    c - +0 buckler
rNeg    . . .      Spirit   .    b - +0 scale mail
rPois   .          Reflect  .    (no helmet)
rElec   .          Harm     .    (no cloak)
rCorr   .          Rampage  .    s - +0 pair of gloves
Will    .....                    e - +0 pair of boots Stlth
                                 (no amulet)
HPRegen 0.27/turn                (no ring)
MPRegen 0.10/turn                (no ring)

@: no status effects
A: high MP 1, forlorn, divine attributes
a: no special abilities


You were on level 3 of the Dungeon.
You visited 1 branch of the dungeon, and saw 3 of its levels.

You collected 103 gold pieces.

Inventory:

Hand Weapons
 a - a +0 war axe (weapon)
 f - the +5 trident of the Fresh God {flame, rN+}
   (You found it on level 3 of the Dungeon)

   It burns those it strikes, dealing additional fire damage.
   rN:        It protects you from negative energy.
Armour
 b - a +0 scale mail (worn)
 c - a +0 buckler (worn)
 e - a +0 pair of boots (worn)
 s - a +0 pair of gloves (worn)
Scrolls
 g - 3 scrolls of poison
 h - a scroll of fog
 i - 2 scrolls of teleportation
 j - a scroll of enchant weapon
 k - a scroll of enchant armour
 l - a scroll of blinking {unknown}
 o - a scroll of silence
 r - a scroll of amnesia
Potions
 d - 2 potions of heal wounds
 m - a potion of degeneration
 n - a potion of curing {unknown}
 p - a potion of flight {unknown}
 q - 2 potions of brilliance {unknown}
 t - a potion of lignification {unknown}
 u - a potion of berserk rage {unknown}


   Skills:
 + Level 3.2 Fighting
 * Level 4.1 Axes
 + Level 3.6 Armour
 + Level 0.6 Dodging
 + Level 0.3 Stealth
 + Level 3.1 Shields


You had 4 spell levels left.
You didn't know any spells.
Your spell library contained the following spells:

 Spells                   Type           Power      Damage    Failure   Level
 Animate Armour           Summ/Erth      0%         N/A       100%        4
 Blade Hands              Tmut           0%         N/A       100%        5
 Iron Shot                Conj/Erth      0%         9d1       100%        6


Dungeon Overview and Level Annotations

Branches:
Dungeon (3/15)

Shops:
D:1 [

Annotations:
D:3 Terence


Innate Abilities, Weirdness & Mutations

You have an increased reservoir of magic. (+10% MP)
You shall have no god before yourself.
Your divine heritage dramatically boosts your attributes as you level up.


Message History

There are monsters nearby!
A gnoll comes into view. It is wielding a +0 flail.
You block Terence's attack.
The gnoll moves out of view.
There are monsters nearby!
You barely miss Terence. You block Terence's attack.
The gnoll throws a throwing net.
The throwing net closely misses you.
There are monsters nearby!
You barely miss Terence. You block Terence's attack.
You hit Terence but do no damage.
Terence asks, "Do you want it fast or slow?"
Terence barely misses you. x2; The gnoll barely misses you.
You closely miss Terence. You hit the gnoll. You slash the gnoll!
Terence hits you with a +0 trident. The gnoll hits you but does no damage.
The gnoll closely misses you.
You closely miss the gnoll.
The gnoll is severely wounded.
You closely miss the gnoll. You barely miss Terence.
Terence hits you with a +0 trident. You block the gnoll's attack.
You block Terence's attack. The gnoll hits you with a +0 flail.
The gnoll barely misses you.
You slash the gnoll!
You kill the gnoll!
You hit the gnoll. You barely miss the gnoll. You hit Terence but do no damage.
Terence closely misses you. The gnoll barely misses you.
The gnoll hits you with a +0 flail.
You hit the gnoll.
The gnoll is severely wounded.
You barely miss the gnoll. You closely miss Terence.
Terence hits you with a +0 trident. You block the gnoll's attack.
The gnoll hits you with a +0 flail!
You are too injured to fight recklessly!
You block Terence's attack. The gnoll hits you with a +0 flail.
The gnoll attacks as you move away! You block the gnoll's attack.
The gnoll closely misses you.
Terence hits you from afar with a +0 trident!
* * * LOW HITPOINT WARNING * * *
The gnoll hits you with a +0 flail!
* * * LOW HITPOINT WARNING * * *
The gnoll attacks as you move away! The gnoll hits you with a +0 flail!
You die...

#.###............####.(..........
#. #............# #.....#######
#. #............# #.....# #.. ..
#.....)......# #.....# #.. .
############## #.....# #.. ..
#.....# #.. ... #.....# #..
....##########.....#####..
........g@.............'..
#####..g###############.. #.)@#
### #.......... #....###.## #
###..# # #..# # #... #..##


You could see Terence and 2 gnolls.

Vanquished Creatures
  Sigmund (D:3)
  2 gnolls (D:3)
  2 adders
  A dart slug (D:1)
  2 orcs (D:3)
  5 ball pythons
  5 bats
  5 endoplasms
  A giant cockroach (D:1)
  A goblin (D:3)
  2 hobgoblins (D:2)
  3 jackals (D:3)
  5 kobolds
  A quokka (D:1)
  A frilled lizard (D:1)
  4 rats
41 creatures vanquished.

Notes
Turn   | Place    | Note
-------+----------+-------------------------------------------
     0 | D:1      | Adrian566 the Demigod Fighter began the quest for the Orb.
     0 | D:1      | Reached XP level 1. HP: 18/18 MP: 3/3
   136 | D:1      | Reached skill level 2 in Axes
   252 | D:1      | Reached XP level 2. HP: 25/25 MP: 4/4
   349 | D:1      | Found Jusitt's Armour Shop.
  1373 | D:2      | Reached XP level 3. HP: 11/31 MP: 5/5
  1913 | D:3      | Identified the +5 trident of the Fresh God {flame, rN+}
  1984 | D:3      | Noticed Sigmund
  2503 | D:3      | Killed Sigmund
  2504 | D:3      | Reached skill level 4 in Axes
  2504 | D:3      | Reached XP level 4. HP: 29/38 MP: 6/6
  2504 | D:3      | Reached XP level 5. HP: 34/45 MP: 7/7
  2724 | D:3      | Noticed Terence
  2736 | D:3      | HP: 1/45 [gnoll/+0 flail (9)]
  2737 | D:3      | Mangled by a gnoll

Illustrated notes

Levels and vault maps discovered:
D:1:      sevenhm_arrival_forest_fort_small_5, layout_basic, serial_shops, shop,
          minmay_tetromino_o4
D:2:      layout_basic, grunt_decor_one_mirror, reono_crystal_passage
D:3:      layout_basic, lemuel_doored_altar, mainiacjoe_overflow_catwalk,
          mainiacjoe_overflow_paths, serial_park_tiny_pond,
          chequers_serial_rivers_micro_a, minmay_fractal_squares_gapless_5,
          uniq_terence, uniq_sigmund

Skill      XL: |  1  2  3 |
---------------+----------+-----
Axes           | 2 4 |  4.1
Armour         | 3 |  3.6
Fighting       | 3 |  3.2
Shields        | 3 |  3.1
Dodging        | |  0.6
Stealth        | |  0.3

Action                   |  1- 3 |  4- 6 || total
-------------------------+-------+-------++-------
Melee: War axe           |   127 |    11 ||   138
  Use: Scroll            |    10 |       ||    10
       Potion            |     3 |       ||     3
Armor: Scale mail        |    66 |     1 ||    67
Dodge: Dodged            |    58 |    14 ||    72
Block: Buckler           |    32 |     8 ||    40

Table legend: (Time is in decaauts)
 A = Elapsed time spent in this place.
 B = Non-inter-level travel time spent in this place.
 C = Inter-level travel time spent in this place.
 D = Time resting spent in this place.
 E = Time spent auto-exploring this place.
 F = Levels seen in this place.
 G = Mean time per level.
                   A        B        C        D        E       F      G
               +--------+--------+--------+--------+--------+-----+--------+
         Total |   2796 |   2712 |     84 |    233 |   2062 |   3 |  932.0 |
       Dungeon |   2796 |   2712 |     84 |    233 |   2062 |   3 |  932.0 |
               +--------+--------+--------+--------+--------+-----+--------+

Top non-repeatable levels by time:
     D:2: 1182 daAuts
     D:1: 836 daAuts
     D:3: 777 daAuts
